 Dungeon Crawl Stone Soup version 0.22.1-5-g62c59d919a (webtiles) character file.

14205 Peloso the Carver (level 11, -5/97 HPs)
             Began as a Minotaur Fighter on Jan 12, 2019.
             Was a High Priest of Okawaru.
             Slain by a two-headed ogre
             ... wielding a +0 giant club
              (8 damage)
             ... on level 12 of the Dungeon.
             The game lasted 00:25:06 (11221 turns).

Peloso the Carver (Minotaur Fighter)               Turns: 11221, Time: 00:25:06

Health: -5/97      AC: 18    Str: 27    XL:     11   Next: 85%
Magic:  3/3        EV:  8    Int:  9    God:    Okawaru [*****.]
Gold:   754        SH: 13    Dex: 12    Spells: 10/10 levels left

rFire    . . .     SeeInvis .   a - +1 long sword "Spiderslayer" {antimagic, Int+4} (curse)
rCold    . . .     Gourm    .   c - +0 shield
rNeg     . . .     Faith    .   y - +1 plate armour
rPois    .         Spirit   .   (helmet restricted)
rElec    .         Reflect  .   (no cloak)
rCorr    .         Harm     .   j - -2 pair of gloves (curse)
MR       +....                  i - +0 pair of boots
Stlth    ..........             (no amulet)
HPRegen  0.26/turn              s - +2 ring of protection
MPRegen  0.08/turn              o - ring of protection from magic

@: mighty
A: retaliatory headbutt, horns 2
a: Heroism, Finesse, Renounce Religion


You were on level 12 of the Dungeon.
You worshipped Okawaru.
Okawaru was extremely pleased with you.
You were not hungry.

You visited 1 branch of the dungeon, and saw 12 of its levels.

You collected 754 gold pieces.

Inventory:

Hand Weapons
 a - the cursed +1 long sword "Spiderslayer" (weapon) {antimagic, Int+4}
   (You took it off a centaur on level 11 of the Dungeon)

   It reduces the magical energy of the wielder, and disrupts the spells and
   magical abilities of those hit.
   Natural abilities and divine invocations are not affected.
   It affects your intelligence (+4).
   It has a curse placed upon it.
 b - a +5 falchion
 d - a +1 double sword
 A - the +5 trident of the Saviour {pain, rN+}
   (You found it on level 7 of the Dungeon)

   In the hands of one skilled in necromantic magic, it inflicts extra damage on
   living creatures.
   It protects you from negative energy.
 B - a +1 short sword of freezing
Armour
 c - a +0 shield (worn)
 i - a +0 pair of boots (worn)
 j - a cursed -2 pair of gloves (worn)
 l - a +0 chain mail
 y - a +1 plate armour (worn)
Jewellery
 n - an uncursed ring of fire
 o - a ring of protection from magic (right hand)
 q - an uncursed amulet of harm
 s - a +2 ring of protection (left hand)
 C - an uncursed ring of ice
 D - an uncursed amulet of guardian spirit {unknown}
 E - an uncursed ring of positive energy {unknown}
Wands
 x - a wand of iceblast (22)
Scrolls
 e - 4 scrolls of teleportation
 m - 2 scrolls of fog
 u - 4 scrolls of magic mapping
 v - 5 scrolls of amnesia
 w - a scroll of enchant armour
 z - a scroll of identify
 F - a scroll of remove curse
Potions
 g - a potion of might
 h - 3 potions of flight
 k - 5 potions of curing
 p - 3 potions of haste
 r - 2 potions of brilliance
 t - 2 potions of heal wounds
 G - a potion of magic
Comestibles
 f - 23 rations


   Skills:
 + Level 9.4 Fighting
 + Level 14.1 Long Blades
 + Level 10.8 Armour
 + Level 3.4 Dodging
 + Level 1.1 Stealth
 + Level 11.5 Shields
 + Level 0.3 Unarmed Combat
 + Level 0.7 Invocations
 + Level 0.1 Evocations


You had 10 spell levels left.
You didn't know any spells.
Your spell library contained the following spells:

 Spells                   Type           Power        Failure   Level  Hunger
 Animate Skeleton         Necr           N/A          99%         1    ##.....
 Apportation              Tloc           #.....       99%         1    ##.....
 Confusing Touch          Hex            #.....       99%         1    ##.....
 Sandblast                Erth           #.....       99%         1    ##.....
 Summon Butterflies       Summ           #.......     99%         1    ##.....
 Summon Small Mammal      Summ           #...         99%         1    ##.....
 Passwall                 Tmut/Erth      #.......     100%        2    ###....
 Stone Arrow              Conj/Erth      #.....       100%        3    ####...
 Petrify                  Tmut/Erth      #.......     100%        4    #####..
 Lee's Rapid Deconstruct  Erth           #.........   100%        5    ######.


Dungeon Overview and Level Annotations

Branches:
Dungeon (12/15)            Temple (0/1) D:7
   Lair: D:8-11         Orc: D:9-12

Altars:
Dithmenos
Gozag
Kikubaaqudgha
Nemelex Xobeh
Okawaru
Qazlal
Sif Muna
Vehumet
Wu Jian
Yredelemnul
Zin
The Shining One

Shops:
D:4 }   D:5 [

Annotations:
D:9 1 runed door, Skull's ghost, novice MiHu


Innate Abilities, Weirdness & Mutations

You reflexively headbutt those who attack you in melee.
You have a pair of horns on your head.


Message History

Your +0 shield unmelds from your body.
Your +1 plate armour unmelds from your body.
Your +2 ring of protection unmelds from your body.
Your ring of protection from magic unmelds from your body.
You feel magic leave you.
The two-headed ogre hits you with a giant club!
* * * LOW HITPOINT WARNING * * *
The two-headed ogre hits you with a giant club!
* * * LOW HITPOINT WARNING * * *
You block the centaur's attack.
You barely miss the two-headed ogre.
The centaur hits you but does no damage.
The centaur barely misses you.
You slash the two-headed ogre!
Your headbutt misses the two-headed ogre.
The two-headed ogre is moderately wounded.
The two-headed ogre hits you with a giant club!
* * * LOW HITPOINT WARNING * * *
The two-headed ogre hits you with a giant club!
You die...

### ..#
#.# #.#
## #.#
(h #.#
.# #O#
hh #@#c#
#cc#
#c...h##
####...
...#.
###.#.#
#.# #
#.. ###


You could see a two-headed ogre, 2 centaurs and a hound.

Vanquished Creatures
  Kirke (D:12)
  4 two-headed ogres
  Pikel (D:4)
  A hippogriff (D:11)
  A hornet (D:11)
  A wyvern (D:10)
  3 hogs
  A human (D:8)
  17 yaks
  A water moccasin (D:10)
  2 black bears
  2 orc warriors (D:7)
  4 ice beasts
  4 sky beasts
  A hornet zombie (D:10)
  6 ogres
  5 phantoms
  8 centaurs
  2 big kobolds
  Blork the orc (D:6)
  5 bullfrogs
  A gnoll sergeant (D:8)
  2 scorpions (D:6)
  12 killer bees
  3 wights (D:6)
  7 howler monkeys
  2 crimson imps
  A centaur zombie (D:8)
  A quasit (D:9)
  5 hounds
  4 orc priests
  12 orc wizards
  2 bullfrog skeletons
  A centaur skeleton (D:10)
  4 iguanas
  Terence (D:3)
  Natasha (twice) (D:3)
  13 worker ants
  2 killer bee zombies
  A hound skeleton (D:7)
  Robin (D:3)
  21 gnolls
  6 adders
  A shadow imp (D:6)
  3 adder skeletons
  3 worms
  4 dart slugs
  8 leopard geckos
  41 orcs
  5 bats
  9 giant cockroaches
  9 goblins
  10 hobgoblins
  10 jackals
  2 quokkas
  2 ball pythons
  5 frilled lizards
  11 kobolds
  A leopard gecko skeleton (D:4)
  4 rats (D:1)
303 creatures vanquished.

Vanquished Creatures (others)
  A worker ant (D:4)
  A howler monkey skeleton (D:4)
2 creatures vanquished.

Grand Total: 305 creatures vanquished

Notes
Turn   | Place    | Note
-------+----------+-------------------------------------------
     0 | D:1      | Peloso the Minotaur Fighter began the quest for the Orb.
     0 | D:1      | Reached XP level 1. HP: 19/19 MP: 0/0
   221 | D:1      | Reached XP level 2. HP: 27/27 MP: 1/1
   726 | D:2      | Reached XP level 3. HP: 23/33 MP: 2/2
   735 | D:2      | Reached skill level 3 in Long Blades
   753 | D:2      | HP: 1/33 [poisoned by a gnoll]
  1607 | D:2      | Reached XP level 4. HP: 40/40 MP: 3/3
  2749 | D:3      | Reached skill level 5 in Armour
  2751 | D:3      | Reached XP level 5. HP: 42/47 MP: 4/4
  2863 | D:3      | Noticed Natasha
  2869 | D:3      | Killed Natasha
  2869 | D:3      | Reached skill level 1 in Dodging
  2898 | D:3      | Noticed Terence
  2906 | D:3      | Killed Terence
  2906 | D:3      | Reached skill level 4 in Long Blades
  2938 | D:3      | Noticed Robin
  2953 | D:3      | Killed Robin
  3093 | D:3      | Reached XP level 6. HP: 28/53 MP: 5/5
  3169 | D:3      | Found an opulent altar of Gozag.
  3534 | D:3      | Noticed Natasha
  3540 | D:3      | Killed Natasha
  3618 | D:4      | Reached skill level 5 in Long Blades
  3621 | D:4      | Noticed a slave
  3621 | D:4      | Noticed a slave
  3621 | D:4      | Noticed a slave
  3621 | D:4      | Noticed a slave
  3622 | D:4      | Noticed Pikel
  3656 | D:4      | Killed Pikel
  3656 | D:4      | Reached skill level 5 in Fighting
  3656 | D:4      | Reached skill level 6 in Long Blades
  3656 | D:4      | Reached XP level 7. HP: 32/61 MP: 6/6
  3756 | D:4      | Reached XP level 8. HP: 23/69 MP: 7/7
  4022 | D:4      | Found Diasek's Gadget Emporium.
  4746 | D:5      | Entered Level 5 of the Dungeon
  4758 | D:5      | Reached skill level 7 in Long Blades
  4881 | D:5      | Noticed a two-headed ogre
  4925 | D:5      | Found a shadowy altar of Dithmenos.
  5203 | D:6      | Reached skill level 8 in Long Blades
  5268 | D:6      | Found a deep blue altar of Sif Muna.
  5296 | D:6      | Identified Sif Muna's Incunabulum of Calling
  5339 | D:6      | Found an ancient bone altar of Kikubaaqudgha.
  5357 | D:6      | Found a radiant altar of Vehumet.
  5493 | D:6      | Reached XP level 9. HP: 57/78 MP: 8/8
  5643 | D:6      | Noticed Blork the orc
  5653 | D:6      | Killed Blork the orc
  5778 | D:6      | Reached skill level 9 in Long Blades
  5781 | D:6      | Found a glowing golden altar of the Shining One.
  5817 | D:6      | Found a sparkling altar of Nemelex Xobeh.
  5817 | D:6      | Found a basalt altar of Yredelemnul.
  5818 | D:6      | Found a glowing silver altar of Zin.
  5911 | D:6      | Found an iron altar of Okawaru.
  5912 | D:6      | Found an opulent altar of Gozag.
  6492 | D:7      | Found a staircase to the Ecumenical Temple.
  6608 | D:7      | Reached skill level 10 in Long Blades
  6818 | D:7      | Found an ornate altar of the Wu Jian Council.
  6823 | D:7      | Got an ichor-stained trident
  6824 | D:7      | Identified the +5 trident of the Saviour {pain, rN+} (You
                  | found it on level 7 of the Dungeon)
  6948 | D:6      | Became a worshipper of Warmaster Okawaru
  7372 | D:5      | Found Zochaj's Antique Armour Boutique.
  7414 | D:5      | Killed a two-headed ogre
  7414 | D:5      | Reached * piety under Okawaru
  7414 | D:5      | Reached XP level 10. HP: 50/86 MP: 9/9
  7903 | D:8      | Reached skill level 1 in Stealth
  7908 | D:8      | Reached skill level 11 in Long Blades
  8345 | D:8      | Reached ** piety under Okawaru
  8463 | D:8      | Noticed a two-headed ogre
  8643 | D:8      | Killed a two-headed ogre
  8856 | D:8      | Reached *** piety under Okawaru
  8856 | D:8      | Reached skill level 10 in Shields
  9087 | D:9      | Noticed a two-headed ogre
  9097 | D:9      | Killed a two-headed ogre
  9097 | D:9      | Reached **** piety under Okawaru
  9097 | D:9      | Reached skill level 12 in Long Blades
  9107 | D:9      | Got an iridescent scimitar
  9108 | D:9      | Identified the cursed +0 scimitar of the Lesser Evil
                  | {drain, +Rage Str+3} (You found it on level 9 of the
                  | Dungeon)
  9349 | D:9      | Found a runed door.
  9357 | D:9      | Noticed Skull's ghost (novice MiHu)
  9416 | D:9      | Reached XP level 11. HP: 87/95 MP: 10/10
  9503 | D:10     | Entered Level 10 of the Dungeon
  9567 | D:9      | Reached skill level 10 in Armour
  9943 | D:10     | Reached ***** piety under Okawaru
 10021 | D:10     | Noticed a two-headed ogre
 10029 | D:10     | Killed a two-headed ogre
 10189 | D:10     | Found a stormy altar of Qazlal.
 10430 | D:11     | Reached skill level 13 in Long Blades
 10551 | D:11     | Noticed a six-headed hydra
 10681 | D:11     | Received a gift from Okawaru
 10703 | D:11     | Got a sapphire long sword {antimagic}
 10704 | D:11     | Identified the cursed +1 long sword "Spiderslayer"
                  | {antimagic, Int+4} (You took it off a centaur on level 11
                  | of the Dungeon)
 11199 | D:12     | Noticed Kirke
 11208 | D:12     | Noticed a two-headed ogre
 11219 | D:12     | Killed Kirke
 11219 | D:12     | Received a gift from Okawaru
 11219 | D:12     | Reached skill level 14 in Long Blades
 11221 | D:12     | HP: 3/97 [two-headed ogre/giant club (8)]
 11221 | D:12     | Slain by a two-headed ogre

Skill      XL: |  1  2  3  4  5  6  7  8  9 10 11 |
---------------+----------------------------------+-----
Shields        | 4 6 7 8 10 11 | 11.5
Armour         | 4 5 6 7 8 9 10 | 10.8
Fighting       | 4 5 6 7 8 9 |  9.4
Long Blades    | 3 4 6 8 10 12 14 | 14.1
Dodging        | 1 2 3 |  3.4
Stealth        | 1 |  1.1
Unarmed Combat | |  0.3
Invocations    | |  0.7
Evocations     | |  0.1

Action                   |  1- 3 |  4- 6 |  7- 9 | 10-12 || total
-------------------------+-------+-------+-------+-------++-------
Melee: Long sword        |    74 |   147 |   194 |    51 ||   466
       Headbutt          |    14 |    28 |    77 |   112 ||   231
       Falchion          |       |       |   146 |   202 ||   348
       Double sword      |       |       |       |   245 ||   245
       Unarmed           |       |       |       |     3 ||     3
Invok: Heroism           |       |       |       |     4 ||     4
Evoke: Wand              |       |       |     2 |       ||     2
  Use: Scroll            |       |       |     7 |    14 ||    21
       Potion            |       |       |     1 |     3 ||     4
  Eat: Chunk             |     2 |     7 |     8 |    10 ||    27
       Ration            |       |       |     1 |     1 ||     2
Armor: Scale mail        |    32 |       |       |       ||    32
       Chain mail        |       |    49 |    83 |       ||   132
       Plate armour      |       |       |    63 |   238 ||   301
Dodge: Dodged            |    16 |    35 |    91 |   118 ||   260
Block: Shield            |    46 |    81 |   184 |   296 ||   607
       Rpst.: Long sword |     5 |     7 |    13 |     1 ||    26
       Falchion          |       |       |    10 |    12 ||    22
       Double sword      |       |       |       |    14 ||    14
